 Dungeon Crawl Stone Soup version 0.17.1-3-g152610e (webtiles) character file.

106 MrTails the Covered (level 4, -2/29 HPs)
             Began as a Gargoyle Fighter on Feb 18, 2016.
             Slain by a gnoll
             ... wielding a +0 flail
              (12 damage)
             ... on level 3 of the Dungeon.
             The game lasted 00:01:47 (1883 turns).

MrTails the Covered (Gargoyle Fighter)              Turns: 1883, Time: 00:01:48

Health: -2/29      AC: 11    Str: 21    XL:     4   Next: 84%
Magic:  4/4        EV:  7    Int:  8    God:
Gold:   105        SH:  9    Dex:  9    Spells: 0 memorised, 3 levels left

rFire  . . .     SeeInvis .     a - +0 war axe
rCold  . . .     Clarity  .     b - +0 scale mail
rNeg   + . .     SustAt   .     c - +0 shield
rPois  ∞         Gourm    .     (no helmet)
rElec  +         Spirit   .     (no cloak)
rCorr  .         Warding  .     n - +0 pair of gloves
rMut   .         Stasis   .     (no boots)
MR     .....                    (no amulet)
Stlth  ..........               (no ring)
                                (no ring)

@: not resistant to hostile enchantments, extremely unstealthy
A: negative energy resistance 1, electricity resistance, unbreathing,
petrification resistance, rot immunity, AC +3
a: no special abilities


You were on level 3 of the Dungeon.
You were hungry.

You visited 1 branch of the dungeon, and saw 3 of its levels.

You collected 105 gold pieces.

Inventory:

Hand Weapons
 a - a +0 war axe (weapon)
Armour
 b - a +0 scale mail (worn)
 c - a +0 shield (worn)
 n - a +0 pair of gloves (worn)
Jewellery
 h - an uncursed amulet of clarity {unknown}
 r - an uncursed amulet of clarity {unknown}
 y - a cursed ring of loudness {unknown}
Scrolls
 f - a scroll of noise {unknown}
 k - 3 scrolls of random uselessness {unknown}
 l - 3 scrolls of blinking {unknown}
 m - a scroll of teleportation {unknown}
 p - a scroll of fog {unknown}
 q - a scroll of magic mapping {unknown}
 w - 4 scrolls of identify {unknown}
 x - a scroll of remove curse {unknown}
Potions
 d - a potion of might
 g - a potion of cure mutation {unknown}
 i - a potion of invisibility {unknown}
 j - a potion of poison {unknown}
 o - 2 potions of mutation {unknown}
 s - a potion of curing {unknown}
 t - a potion of magic {unknown}
 u - a potion of brilliance {unknown}
 z - a potion of agility {unknown}
Comestibles
 e - 6 bread rations
 v - 2 meat rations


   Skills:
 + Level 3.9 Fighting
 * Level 3.2 Axes
 + Level 3.9 Armour
 + Level 3.8 Shields


You had 3 spell levels left.
You didn't know any spells.

Dungeon Overview and Level Annotations

Branches:
Dungeon (3/15)

Altars:


Innate Abilities, Weirdness & Mutations

You are resistant to torment.
Your stone body is resilient (AC +3).
You are immune to poison.
You resist negative energy.
You are resistant to electric shocks.
You can survive without breathing.
You are immune to petrification.
You are immune to rotting.


Message History

The gnoll is heavily wounded.
You slash the gnoll!
The gnoll is heavily wounded.
The gnoll hits you with a flail. The gnoll hits you but does no damage.
You block the gnoll's attack. The gnoll closely misses you.
The gnoll closely misses you.
You closely miss the gnoll.
The gnoll is heavily wounded.
You closely miss the gnoll.
The gnoll is heavily wounded.
The gnoll hits you but does no damage. The gnoll hits you with a whip.
You block the gnoll's attack.
Unknown command.
You barely miss the gnoll.
The gnoll is heavily wounded.
You barely miss the gnoll.
The gnoll is heavily wounded.
The gnoll hits you but does no damage. The gnoll hits you with a whip!
The gnoll hits you with a flail!
You die...

...# .### .# .# .#
.####### ..
.......# .#
.....#.# ###.#
....#..# .gg#
...#...# #gg#
..#....##### #@.#
.#.....#.....###..#
#.......#.........#
........#.##.##.###
#.........# #.#
.......##.# #.#
#......##.. #.#
.......##.# #.#
#..##.###.# #.#


You could see 4 gnolls.

Vanquished Creatures
  A scorpion (D:3)
  Robin (D:2)
  An adder (D:2)
  An orc (D:3)
  2 bats
  9 hobgoblins
  3 jackals (D:1)
  3 kobolds
  A giant cockroach (D:1)
  2 giant newts
  9 goblins
  2 rats (D:1)
35 creatures vanquished.

Notes
Turn   | Place    | Note
--------------------------------------------------------------
     0 | D:1      | MrTails the Gargoyle Fighter began the quest for the Orb.
     0 | D:1      | Reached XP level 1. HP: 14/14 MP: 1/1
   391 | D:1      | Reached XP level 2. HP: 16/19 MP: 2/2
   948 | D:2      | Noticed Robin
   963 | D:2      | Reached XP level 3. HP: 20/23 MP: 3/3
   969 | D:2      | Killed Robin
  1726 | D:3      | Noticed a scorpion
  1739 | D:3      | Killed a scorpion
  1739 | D:3      | Reached XP level 4. HP: 20/29 MP: 4/4
  1883 | D:3      | Slain by a gnoll

Action                   |  1- 3 |  4- 6 || total
-------------------------+-------+-------++-------
Melee: War axe           |   100 |    13 ||   113
  Eat: Beef jerky        |     1 |       ||     1
       Chunk             |     1 |       ||     1
